 Dungeon Crawl Stone Soup version 0.30.1-6-gbe392663c4 (webtiles) character file.

Game seed: 12851849961851617147

5 Cheops the Caller (level 1, 0/13 HPs)
             Began as a Merfolk Summoner on Sept 21, 2023.
             Slain by a quokka (3 damage)
             ... on level 1 of the Dungeon.
             The game lasted 00:01:05 (164 turns).

Cheops the Caller (Merfolk Summoner)                 Turns: 164, Time: 00:01:06

Health: 0/13       AC:  2    Str:  8    XL:     1   Next: 80%
Magic:  1/3        EV: 12    Int: 14    God:
Gold:   0          SH:  0    Dex: 14    Spells: 3/4 levels left

rFire   . . .        (no weapon)
rCold   . . .        (no shield)
rNeg    . . .        a - +0 robe
rPois   .            (no helmet)
rElec   .            (no cloak)
rCorr   .            (no gloves)
SInv    .            (no boots)
Will    .....        (no amulet)
Stlth   ++           (no ring)
HPRegen 0.22/turn    (no ring)
MPRegen 0.08/turn

%: no passive effects
@: lethally poisoned (0 -> -4)
A: (nimble swimmer 2), mertail
a: no special abilities


You were on level 1 of the Dungeon.
You visited 1 branch of the dungeon, and saw 1 of its levels.

Inventory:

Armour
 a - a +0 robe (worn)
Potions
 b - a potion of magic
 c - 2 potions of berserk rage {unknown}


   Skills:
 - Level 2.6 Dodging
 - Level 2.1 Stealth
 + Level 2.4 Spellcasting
 - Level 4.0 Summonings


You had 3 spell levels left.
You knew the following spells:

 Your Spells              Type           Power      Damage    Failure   Level
M - Summon Small Mammal   Summ           48%        N/A       4%          1

Your spell library contained the following spells:

 Spells                   Type           Power      Damage    Failure   Level
 Call Imp                 Summ           24%        N/A       7%          2
 Call Canine Familiar     Summ           12%        N/A       13%         3
 Summon Guardian Golem    Hex/Summ       7%         N/A       30%         3
 Summon Lightning Spire   Summ/Air       7%         N/A       69%         4


Dungeon Overview and Level Annotations

Branches:
Dungeon (1/15)

Altars:


Innate Abilities, Weirdness & Mutations

((You are very nimble when in or above water. (Stealth+, EV+, Speed+++)))
Your lower body shifts to a powerful aquatic tail in water.


Message History

You hit the quokka but do no damage.
The quokka is moderately wounded.
The quokka barely misses you.
Your rat barely misses the quokka.
Your rat bites the quokka but does no damage.
The goblin hits you with a +0 dagger of venom.
You are too injured to fight recklessly!
You are too injured to fight recklessly!
You are too injured to fight recklessly!
You are too injured to fight recklessly!
You are too injured to fight recklessly!
You are too injured to fight recklessly!
You are too injured to fight recklessly!
You are too injured to fight recklessly!
You are too injured to fight recklessly!
You are too injured to fight recklessly!
You are too injured to fight recklessly!
You are too injured to fight recklessly!
You are too injured to fight recklessly!
You are too injured to fight recklessly!
You are too injured to fight recklessly!
You are too injured to fight recklessly!
You are too injured to fight recklessly!
You are too injured to fight recklessly!
You barely miss the quokka.
The quokka is moderately wounded.
The quokka barely misses you.
Your rat barely misses the quokka. x2
The goblin hits you with a +0 dagger of venom.
You are poisoned.
You closely miss the quokka.
The quokka is moderately wounded.
* * * LOW HITPOINT WARNING * * *
You feel sick. The quokka barely misses you.
Your rat bites the quokka.
Your rat bites the quokka but does no damage.
The goblin hits you with a +0 dagger of venom.
* * * LOW HITPOINT WARNING * * *
You closely miss the quokka.
The quokka is severely wounded.
* * * LOW HITPOINT WARNING * * *
You feel sick. The quokka bites you.
You die...

###..†..#...#
#####......#...##
........###....#
.....###......## ######
#####.......####+#......
........#####...........
#.#######...............
...###...(....#.rg.....?
##....)#........@r......
###########.##.r.......
#.#..........
#.#..........
..........?..
####......... +.........
#.........


You could see a quokka (ally target), a goblin and 2 friendly rats.

Vanquished Creatures (collateral kills)
  2 bats (D:1)
  A goblin (D:1)
  2 ball pythons (D:1)
  A frilled lizard (D:1)
6 creatures vanquished.

Notes
Turn   | Place    | Note
-------+----------+-------------------------------------------
     0 | D:1      | Cheops the Merfolk Summoner began the quest for the Orb.
     0 | D:1      | Reached XP level 1. HP: 13/13 MP: 3/3
   164 | D:1      | Slain by a quokka

Illustrated notes

Levels and vault maps discovered:
D:1:      dpeg_arrival_oval, layout_basic

Action                     || total
---------------------------++-------
  Melee: Unarmed           ||    29
   Cast: Summon Small Mamm ||     7
 Armour: Robe              ||    19
  Dodge: Dodged            ||    30
